Map: [ESL] Post-Youth

Players

Cyan

  • Race: Protoss Protoss
  • Spawn Location: 7:00

MeomaikA - Winner!

  • Race: Zerg Zerg
  • Spawn Location: 1:00

Event: ESL SC2 Masters 2024 Spring (Regional)

VOD

Have the link to the VOD?

Description

Time

  • Played on: April 21, 2024, 7:53 a.m.
  • Length: 7:49
Show
View Real Time Build Order
Export as new Build Order

Cyan Protoss 

Build Orders: 1 Gate Expand 

Get SALT Encoding   

  12  0:00  Probe  
  13  0:12  Probe  
  14  0:18  Pylon  
  14  0:24  Probe (Chrono Boost)  
  15  0:36  Probe (Chrono Boost)  
  15  0:38  Gateway  
  16  0:45  Probe (Chrono Boost)  
  16  0:48  Assimilator  
  17  0:51  Probe  
  18  1:03  Probe  
  19  1:15  Probe  
  20  1:25  Nexus  
  20  1:34  Cybernetics Core  
  20  1:38  Probe  
  21  1:44  Assimilator  
  21  1:50  Probe  
  22  1:55  Pylon  
  22  2:02  Probe  
  23  2:10  Warp Gate, Stalker (Chrono Boost)  
  23  2:14  Probe (Chrono Boost)  
  26  2:25  Probe (Chrono Boost)  
  26  2:26  Twilight Council  
  27  2:30  Probe (Chrono Boost)  
  27  2:34  Adept  
  30  2:38  Probe (Chrono Boost)  
  32  2:46  Probe (Chrono Boost)  
  32  2:49  Probe (Chrono Boost)  
  33  2:53  Probe (Chrono Boost)  
  33  2:54  Probe (Chrono Boost)  
  35  3:02  Gateway  
  35  3:03  Gateway  
  35  3:04  Probe  
  36  3:05  Resonating Glaives (Chrono Boost)  
  36  3:07  Adept  
  38  3:13  Probe  
  38  3:17  Pylon  
  38  3:19  Probe  
  40  3:26  Probe  
  41  3:30  Pylon  
  41  3:31  Probe  
  42  3:45  Probe  
  41  3:49  Nexus  
  41  3:50  Probe  
  41  3:53  Shield Battery  
  42  3:58  Adept  
  42  3:59  Adept x2  
  42  4:02  Forge  
  48  4:04  Probe  
  48  4:09  Probe  
  50  4:17  Gateway  
  50  4:18  Charge (Chrono Boost)  
  50  4:20  Adept x3  
  56  4:27  Probe x2  
  56  4:29  Protoss Ground Weapons Level 1 (Chrono Boost)  
  58  4:39  Probe  
  58  4:44  Gateway  
  59  4:48  Probe  
  59  4:49  Gateway  
  59  4:52  Adept  
  62  4:56  Pylon  
  62  4:59  Pylon  
  60  5:05  Adept x2  
  50  5:12  Adept  
  44  5:17  Gateway x2  
  44  5:18  Adept  
  44  5:22  Probe  
  44  5:26  Adept x2  
  45  5:33  Sentry  
  47  5:42  Zealot x2  
  51  5:47  Zealot x2  
  55  5:53  Zealot  
  55  6:01  Zealot  
  49  6:10  Zealot x3, Sentry x2  
  53  6:12  Zealot  
  53  6:17  Sentry  
  57  6:20  Pylon  
  57  6:21  Pylon, Zealot  
  55  6:33  Zealot x4  
  51  6:45  Stalker  
  51  6:47  Zealot  
  51  6:52  Zealot  
  51  6:53  Adept  
  55  6:54  Adept x2  
  55  6:58  Adept  
  55  7:00  Adept  
  63  7:06  Adept x2  
  67  7:11  Adept  
  69  7:20  Zealot  
  69  7:22  Sentry  
  63  7:24  Zealot  
  63  7:27  Sentry  
  63  7:28  Zealot x2  
  59  7:34  Zealot x2  
  49  7:40  Zealot  
  49  7:44  Zealot  
Show
View Real Time Build Order
Export as new Build Order

MeomaikA Zerg - Winner!

Build Orders: Hatch First 

Get SALT Encoding   

  12  0:00  Drone  
  13  0:12  Overlord  
  13  0:17  Drone  
  14  0:30  Drone x2  
  14  0:34  Drone  
  17  0:52  Hatchery  
  17  0:54  Drone  
  17  0:58  Drone  
  18  1:10  Extractor  
  17  1:14  Spawning Pool  
  17  1:16  Drone  
  17  1:19  Drone  
  18  1:28  Drone  
  19  1:38  Drone  
  20  1:49  Overlord  
  20  2:00  Queen  
  22  2:04  Drone x2  
  22  2:05  Queen  
  26  2:11  Metabolic Boost, Drone  
  27  2:16  Drone  
  27  2:21  Drone  
  29  2:26  Drone  
  30  2:32  Drone  
  30  2:36  Drone  
  32  2:43  Drone  
  33  2:50  Overlord  
  33  2:53  Overlord  
  33  2:54  Hatchery  
  32  2:58  Lair  
  32  3:01  Extractor  
  32  3:02  Extractor  
  30  3:09  Drone x4  
  30  3:10  Drone  
  30  3:12  Drone  
  36  3:15  Drone  
  36  3:16  Drone  
  36  3:19  Zergling x2  
  39  3:20  Zergling x2  
  39  3:23  Zergling x2  
  41  3:29  Drone  
  42  3:38  Spore Crawler  
  40  3:44  Spore Crawler  
  40  3:45  Drone x4  
  40  3:46  Drone  
  43  3:50  Drone  
  43  3:51  Overlord  
  44  3:55  Hydralisk Den  
  43  4:07  Overlord  
  43  4:08  Zergling x8  
  46  4:10  Zergling x2  
  47  4:21  Zergling x2  
  47  4:23  Overlord  
  48  4:24  Hydralisk x2  
  48  4:26  Muscular Augments  
  48  4:29  Hydralisk  
  54  4:35  Hydralisk  
  54  4:37  Hydralisk  
  58  4:41  Zergling x2  
  58  4:42  Zergling x2  
  60  4:46  Hydralisk  
  62  4:54  Zergling x2, Hydralisk x2  
  62  4:58  Hydralisk  
  67  5:04  Hydralisk  
  67  5:06  Zergling x4  
  65  5:09  Hydralisk  
  65  5:11  Zergling x2  
  65  5:13  Zergling x2  
  64  5:16  Hydralisk  
  64  5:21  Hydralisk  
  66  5:25  Hydralisk  
  66  5:27  Zergling x2  
  69  5:30  Hydralisk  
  69  5:33  Grooved Spines  
  71  5:37  Hydralisk  
  73  5:43  Overlord  
  73  5:44  Drone  
  72  5:59  Zergling x6  
  72  6:03  Hydralisk x2  
  72  6:04  Hydralisk x2  
  71  6:07  Hydralisk  
  71  6:10  Hydralisk  
  77  6:14  Zergling x2  
  77  6:15  Zergling x2  
  77  6:17  Zergling x2  
  77  6:18  Zergling x2  
  81  6:21  Overlord  
  81  6:33  Zergling x6  
  81  6:35  Zergling x2  
  81  6:39  Zergling x2  
  81  6:42  Zergling x4  
  81  6:43  Zergling x4  
  81  6:44  Zergling x2  
  81  6:45  Zergling x4  
  87  6:49  Zergling x2  
  87  6:51  Zergling x2  
  87  6:52  Zergling x2  
  90  6:58  Overlord  
  90  7:00  Overseer  
  90  7:01  Overlord  
  90  7:03  Overlord  
  90  7:12  Overlord  
  90  7:22  Zergling x8  
  90  7:23  Zergling x4  
  90  7:24  Zergling x2  
  90  7:26  Zergling x2  
  89  7:30  Drone x2  
  89  7:32  Drone  
Tags
 
Add a new tag
Caveats
  • Supply blocks, unpowered buildings, or Contaminate may cause inaccurate times.
  • Supply counts are checked every 10 seconds.